 Dungeon Crawl Stone Soup version 0.27-a0-1188-g73eefd5def (webtiles) character file.

Game seed: 2114172359762393066

55 Lemonice the Poker (level 3, -2/30 HPs)
             Began as a Merfolk Fighter on May 21, 2021.
             Killed from afar by Sigmund (8 damage)
             ... with a puff of flame
             ... on level 2 of the Dungeon.
             The game lasted 00:02:34 (1576 turns).

Lemonice the Poker (Merfolk Fighter)                Turns: 1576, Time: 00:02:35

Health: -2/30      AC:  6    Str: 17    XL:     3   Next: 93%
Magic:  3/3        EV:  7    Int:  7    God:
Gold:   67         SH:  0    Dex: 13    Spells: 2/2 levels left

rFire    . . .     SeeInvis .   a - +0 trident
rCold    . . .     Faith    .   c - +0 kite shield
rNeg     . . .     Spirit   .   b - +0 scale mail
rPois    .         Reflect  .   (no helmet)
rElec    .         Harm     .   (no cloak)
rCorr    .         Rampage  .   (no gloves)
Will     .....                  (no boots)
Stlth    ..........             (no amulet)
HPRegen  0.10/turn              (no ring)
MPRegen  0.08/turn              (no ring)

@: confused
A: (nimble swimmer 2), mertail
a: no special abilities


You were on level 2 of the Dungeon.
You visited 1 branch of the dungeon, and saw 2 of its levels.

You collected 67 gold pieces.

Inventory:

Hand Weapons
 a - a +0 trident (weapon)
Armour
 b - a +0 scale mail (worn)
 c - a +0 kite shield (worn)
Jewellery
 f - a ring of willpower
 j - a ring of positive energy
Scrolls
 e - 3 scrolls of identify {unknown}
 i - 3 scrolls of teleportation {unknown}
 k - a scroll of enchant weapon {unknown}
Potions
 d - a potion of might
 h - 2 potions of flight {unknown}
 l - a potion of curing {unknown}


   Skills:
 + Level 3.8 Fighting
 + Level 3.9 Polearms
 + Level 2.5 Armour
 + Level 3.5 Shields


You had 2 spell levels left.
You didn't know any spells.
Your spell library was empty.

Dungeon Overview and Level Annotations

Branches:
Dungeon (2/15)

Altars:

Annotations:
D:2 Sigmund


Innate Abilities, Weirdness & Mutations

((You are quick and stealthy near water. (Stealth+, EV+, Speed+++)))
Your lower body shifts to a powerful aquatic tail in water.


Message History

No target in view!
No target in view!
No target in view!
No target in view!
Something hits you but does no damage.
You are poisoned.
Found a scroll labelled UKO BOTECZAN.
Things that are here:
a +0 club; a goblin corpse You puncture something!
You feel sick. Something hits you!
You feel sick. Something hits you.
You are lethally poisoned!
You feel very sick.
* * * LOW HITPOINT WARNING * * *
You feel sick.
* * * LOW HITPOINT WARNING * * *
You feel sick.
It was a potion of heal wounds.
You feel much better.
You feel sick. You block something's attack.
You feel sick.
You hear some strange, mumbled words.
You are confused.
You see here a giant cockroach corpse.
You bump into the rock wall.
You feel sick.
You hear some strange, mumbled words.
You are more confused.
You feel sick.
You feel sick.
You feel sick.
You feel sick.
You are no longer poisoned.
You bump into the rock wall.
Something hits you.
You bump into the rock wall.
A magic dart appears from out of thin air!
The magic dart hits you.
You bump into the rock wall.
Something hits you.
* * * LOW HITPOINT WARNING * * *
A puff of flame appears from out of thin air!
The puff of flame hits you!
You die...

#..........................
. #........###...#.........
... #........#
###.#.#.###.#.....
#........# #..†....).......
#........# ###.#.###.#.....
#........# #{#$#[#.# ...
########## #.#.###.# #
#.........? #@#.###.#..
#......!...# #..........#
###########


There were no monsters in sight!

Vanquished Creatures
  An adder (D:1)
  A worm (D:2)
  3 endoplasms
  4 giant cockroaches
  4 goblins
  5 hobgoblins
  7 jackals
  3 quokkas
  2 ball pythons
  4 bats
  A frilled lizard (D:1)
  2 kobolds
  2 rats
39 creatures vanquished.

Notes
Turn   | Place    | Note
-------+----------+-------------------------------------------
     0 | D:1      | Lemonice the Merfolk Fighter began the quest for the Orb.
     0 | D:1      | Reached XP level 1. HP: 18/18 MP: 1/1
   112 | D:1      | Found a faded altar of an unknown god.
   214 | D:1      | Reached XP level 2. HP: 24/24 MP: 2/2
   841 | D:1      | Reached XP level 3. HP: 28/30 MP: 3/3
  1554 | D:2      | Noticed Sigmund
  1576 | D:2      | Killed from afar by Sigmund

Illustrated notes

Levels and vault maps discovered:
D:1:      psy_arrival_whirlpool, layout_loops_ring, basic_ecumenical_altar
D:2:      layout_rooms, minmay_surrounded, uniq_sigmund

Action                   || total
-------------------------++-------
Melee: Trident           ||   142
  Use: Potion            ||     1
Armor: Scale mail        ||    90
Dodge: Dodged            ||    65
Block: Kite shield       ||    89

Table legend: (Time is in decaauts)
 A = Elapsed time spent in this place.
 B = Non-inter-level travel time spent in this place.
 C = Inter-level travel time spent in this place.
 D = Time resting spent in this place.
 E = Time spent auto-exploring this place.
 F = Levels seen in this place.
 G = Mean time per level.
                   A        B        C        D        E       F      G
               +--------+--------+--------+--------+--------+-----+--------+
         Total |   1624 |   1624 |      0 |      0 |   1332 |   2 |  812.0 |
       Dungeon |   1624 |   1624 |      0 |      0 |   1332 |   2 |  812.0 |
               +--------+--------+--------+--------+--------+-----+--------+

Top non-repeatable levels by time:
     D:1: 863 daAuts
     D:2: 761 daAuts
